 Dungeon Crawl Stone Soup version 0.28.0-47-ge53b351184 (webtiles) character file.

Game seed: 8740591872325112340

634477 Peloso the Minotaur Barricade (level 27, 0/273 HPs)
             Began as a Minotaur Fighter on Apr 26, 2022.
             Was the Champion of Okawaru.
             Killed from afar by a ynoxinul (11 damage)
             ... with an iron shot
             ... on level 11 of a ziggurat on Apr 27, 2022.
             The game lasted 04:39:09 (78084 turns).

Peloso the Minotaur Barricade (Minotaur Fighter)   Turns: 78084, Time: 04:39:10

Health: 0/273      AC: 30    Str: 39    XL:     27
Magic:  1/26       EV: 19    Int:  5    God:    Okawaru [******]
Gold:   7716       SH: 25    Dex: 14    Spells: 27/27 levels left

rFire   + + +      SeeInvis +   b - +8 double sword of Success {speed, *Slow rElec rF+++ Int-4}
rCold   + + +      Faith    .   h - +2 kite shield of the Baker {+Blink rF+ Str+2 SInv}
rNeg    + + .      Spirit   .   u - +8 chain mail of Free Will {rF+ rCorr Dex+4 Stlth-}
rPois   +          Reflect  +   P - +0 mask of the Dragon {Will+ Slay+3 SInv}
rElec   +          Harm     .   n - scarf {rC+ rF+}
rCorr   +          Rampage  .   t - +0 pair of gloves {infuse}
Will    +++..                   X - +2 pair of boots of Mirth {rC+++ Regen+ Int+4 Dex-2}
Stlth   +.........              p - amulet of reflection
HPRegen 0.00/turn               m - +4 ring of slaying
MPRegen 0.20/turn               S - ring of Fatigue {*Corrode rPois rN++ Str+6}

@: heroic, corroded, sick, hasted, studying 4 skills, very quick
A: horns 2, retaliatory headbutt, iridescent scales 1, camouflage 1, clumsy 1
}: 3/15 runes: decaying, silver, gossamer
a: Renounce Religion, Evoke Blink, Heroism, Finesse, Duel


You were on level 11 of a ziggurat.
You worshipped Okawaru.
Okawaru was exalted by your worship.
You visited 9 branches of the dungeon, and saw 46 of its levels.
You visited the Abyss 2 times.
You visited 1 bazaar.
You visited 1 ziggurat, and saw 11 of its levels.
You also visited: Trove and Bailey.

You collected 9248 gold pieces.
You spent 1532 gold pieces at shops.

Inventory:

Hand Weapons
 a - a +7 double sword of electrocution
 b - the +8 double sword of Success (weapon) {speed, *Slow rElec rF+++ Int-4}
   (Okawaru gifted it to you on level 3 of the Elven Halls)

   Attacks with this weapon are significantly faster.
   Int:       It affects your intelligence (-4).
   rF:        It renders you almost immune to fire.
   rElec:     It insulates you from electricity.
   *Slow:     It may slow you when you take damage.
 c - the +1 scimitar of Vyacyx {spect, *Slow Fly rPois}
   (You found it in a bailey)

   When its wielder attacks, the weapon's spirit leaps out and strikes again.
   The spirit shares a part of any damage it takes with its wielder.
   rPois:     It protects you from poison.
   Fly:       It grants you flight.
   *Slow:     It may slow you when you take damage.
 o - the +6 falchion of the Philosopher {flame, Will+ Dex+2}
   (Okawaru gifted it to you on level 5 of the Vaults)

   It burns those it strikes, dealing additional fire damage.
   Big, fiery blades are also staple armaments of hydra-hunters.
   Dex:       It affects your dexterity (+2).
   Will:      It increases your willpower.
Missiles
 w - a throwing net (quivered)
Armour
 h - the +2 kite shield of the Baker (worn) {+Blink rF+ Str+2 SInv}
   (Okawaru gifted it to you on level 14 of the Dungeon)

   Str:       It affects your strength (+2).
   rF:        It protects you from fire.
   SInv:      It lets you see invisible.
   +Blink:    It lets you blink.
 n - a scarf of resistance (worn)
 r - +0 gold dragon scales
 t - a +0 pair of gloves of infusion (worn)
 u - the +8 chain mail of Free Will (worn) {rF+ rCorr Dex+4 Stlth-}
   (You found it on level 3 of a ziggurat)

   Dex:       It affects your dexterity (+4).
   rF:        It protects you from fire.
   rCorr:     It protects you from acid and corrosion.
   Stlth:     It makes you less stealthy.
 L - +4 storm dragon scales {Bai Suzhen}
 N - a +1 kite shield of reflection
 P - the +0 mask of the Dragon (worn) {Will+ Slay+3 SInv}
   (Okawaru gifted it to you on level 10 of the Dungeon)

   Slay:      It affects your accuracy & damage with ranged weapons and melee
   (+3).
   SInv:      It lets you see invisible.
   Will:      It increases your willpower.
 R - the +4 tower shield of Lugonu's Grace {Regen+}
   (You found it on level 9 of a ziggurat)

   Regen:     It increases your rate of health regeneration.
 X - the +2 pair of boots of Mirth (worn) {rC+++ Regen+ Int+4 Dex-2}
   (Okawaru gifted it to you on level 3 of the Lair of Beasts)

   Int:       It affects your intelligence (+4).
   Dex:       It affects your dexterity (-2).
   rC:        It renders you almost immune to cold.
   Regen:     It increases your rate of health regeneration.
Jewellery
 g - a ring of see invisible
 m - a +4 ring of slaying (left hand)
 p - an amulet of reflection (around neck)
 v - a ring of flight
 B - a ring of protection from cold
 G - a ring of resist corrosion
 I - an amulet of faith
 K - the ring of Cynicism {Fly rElec Dex+6}
   (You found it on level 8 of a ziggurat)

   [ring of dexterity]

   Dex:       It affects your dexterity (+6).
   rElec:     It insulates you from electricity.
   Fly:       It grants you flight.
 Q - an amulet of regeneration
 S - the ring of Fatigue (right hand) {*Corrode rPois rN++ Str+6}
   (You found it on level 1 of the Lair of Beasts)

   [ring of strength]

   Str:       It affects your strength (+6).
   rPois:     It protects you from poison.
   rN:        It greatly protects you from negative energy.
   *Corrode:  It may corrode you when you take damage.
Wands
 s - a wand of iceblast (4)
 y - a wand of paralysis (5)
 D - a wand of digging (6)
 M - a wand of flame (6)
Scrolls
 i - 2 scrolls of fog
 j - 3 scrolls of amnesia
 x - 3 scrolls of immolation
 z - 25 scrolls of teleportation
 E - 3 scrolls of blinking
 F - 5 scrolls of noise
 H - a scroll of silence
 J - 3 scrolls of magic mapping
 O - 3 scrolls of enchant weapon
 V - 7 scrolls of fear
Potions
 d - 14 potions of might
 e - 9 potions of heal wounds
 f - 18 potions of curing
 k - 10 potions of haste
 l - 5 potions of resistance
 q - 3 potions of berserk rage
 A - a potion of mutation
 C - 10 potions of flight


   Skills:
 O Level 27 Fighting
 + Level 1.5(21.7) Short Blades
 O Level 27 Long Blades
 + Level 1.4(8.0) Axes
 + Level 3.7(9.3) Maces & Flails
 + Level 1.5(7.5) Polearms
 + Level 2.6(8.8) Staves
 + Level 1.5(6.9) Slings
 + Level 1.5(6.5) Bows
 + Level 1.5(6.5) Crossbows
 + Level 1.3(6.6) Throwing
 + Level 25.3(27) Armour
 + Level 14.5(19.5) Dodging
 + Level 5.3(10.3) Stealth
 O Level 27 Shields
 + Level 1.3(6.3) Unarmed Combat
 + Level 0.8 Spellcasting
 + Level 1.0 Conjurations
 + Level 0.9 Hexes
 + Level 1.3 Summonings
 + Level 1.3 Necromancy
 + Level 0.8 Translocations
 + Level 1.1 Transmutations
 + Level 1.3 Fire Magic
 + Level 0.8 Ice Magic
 + Level 1.0 Air Magic
 + Level 1.1 Earth Magic
 + Level 0.8 Poison Magic
 + Level 6.3 Invocations
 + Level 3.2 Evocations


You had 27 spell levels left.
You didn't know any spells.
Your spell library contained the following spells:

 Spells                   Type           Power      Damage    Failure   Level
 Foxfire                  Conj/Fire      4%         2x1d4     47%         1
 Sandblast                Erth           2%         2d4       50%         1
 Shock                    Conj/Air       4%         1d3       50%         1
 Sting                    Tmut/Pois      4%         1d3       50%         1
 Apportation              Tloc           2%         N/A       52%         1
 Freeze                   Ice            4%         1d3       52%         1
 Slow                     Hex            4%         N/A       52%         1
 Scorch                   Fire           2%         2d5       58%         2
 Sublimation of Blood     Necr           1%         N/A       58%         2
 Corpse Rot               Necr/Air       2%         N/A       61%         2
 Passwall                 Tmut/Erth      0%         N/A       63%         2
 Wereblood                Tmut           1%         N/A       63%         2
 Blink                    Tloc           2%         N/A       65%         2
 Ensorcelled Hibernation  Hex/Ice        2%         N/A       65%         2
 Poisonous Vapours        Pois/Air       2%         N/A       65%         2
 Static Discharge         Conj/Air       1%         N/A       65%         2
 Vampiric Draining        Necr           1%         2d6       82%         3
 Conjure Flame            Conj/Fire      1%         6-21      85%         3
 Ignite Poison            Fire/Tmut/Pois 1%         N/A       85%         3
 Inner Flame              Hex/Fire       1%         N/A       85%         3
 Dazzling Flash           Conj/Hex       2%         N/A       86%         3
 Mephitic Cloud           Conj/Pois/Air  1%         N/A       86%         3
 Spider Form              Tmut/Pois      1%         N/A       86%         3
 Stone Arrow              Conj/Erth      2%         3d7       86%         3
 Swiftness                Air            1%         N/A       86%         3
 Confusing Touch          Hex            1%         N/A       87%         3
 Frozen Ramparts          Ice            2%         1d2       87%         3
 Gell's Gravitas          Tloc           1%         N/A       87%         3
 Lesser Beckoning         Tloc           1%         N/A       87%         3
 Portal Projectile        Hex/Tloc       2%         N/A       87%         3
 Teleport Other           Tloc           1%         N/A       87%         3
 Airstrike                Air            0%         N/A       99%         4
 Anguish                  Hex/Necr       0%         N/A       99%         4
 Cause Fear               Hex            0%         N/A       99%         4
 Dispel Undead            Necr           1%         3d6       99%         4
 Flame Wave               Conj/Fire      1%         2d4       99%         4
 Fulminant Prism          Conj/Hex       0%         3d6       99%         4
 Hailstorm                Conj/Ice       1%         3d3       99%         4
 Ice Form                 Ice/Tmut       1%         N/A       99%         4
 Iskenderun's Mystic Bla  Conj/Tloc      1%         2d3       99%         4
 Leda's Liquefaction      Hex/Erth       0%         N/A       99%         4
 Olgreb's Toxic Radiance  Pois           1%         N/A       99%         4
 Petrify                  Tmut/Erth      1%         N/A       99%         4
 Sticky Flame             Conj/Fire      1%         2d3       99%         4
 Agony                    Necr           1%         N/A       100%        5
 Alistair's Intoxication  Tmut/Pois      0%         N/A       100%        5
 Blade Hands              Tmut           0%         N/A       100%        5
 Borgnjor's Vile Clutch   Necr/Erth      0%         N/A       100%        5
 Excruciating Wounds      Necr           0%         N/A       100%        5
 Freezing Cloud           Conj/Ice/Air   0%         6-21      100%        5
 Irradiate                Conj/Tmut      0%         3d13      100%        5
 Lee's Rapid Deconstruct  Erth           0%         3d5*      100%        5
 Lightning Bolt           Conj/Air       0%         1d11      100%        5
 Manifold Assault         Tloc           1%         N/A       100%        5
 Metabolic Englaciation   Hex/Ice        0%         N/A       100%        5
 Silence                  Hex/Air        0%         N/A       100%        5
 Yara's Violent Unravell  Hex/Tmut       0%         3d3       100%        5
 Conjure Ball Lightning   Conj/Air       0%         3x3d6     100%        6
 Dispersal                Tloc           0%         N/A       100%        6
 Eringya's Noxious Bog    Tmut/Pois      0%         N/A       100%        6
 Statue Form              Tmut/Erth      0%         N/A       100%        6
 Dragon Form              Tmut           0%         N/A       100%        7
 Enfeeble                 Hex            0%         N/A       100%        7
 Orb of Destruction       Conj           0%         9d5       100%        7
 Ozocubu's Refrigeration  Ice            0%         4d5       100%        7
 Storm Form               Tmut/Air       0%         N/A       100%        7
 Discord                  Hex            0%         N/A       100%        8
 Disjunction              Tloc           0%         N/A       100%        8
 Lehudib's Crystal Spear  Conj/Erth      0%         10d2      100%        8
 Maxwell's Capacitive Co  Air            0%         ∞         100%        8
 Necromutation            Tmut/Necr      0%         N/A       100%        8
 Death's Door             Necr           0%         N/A       100%        9
 Fire Storm               Conj/Fire      0%         6d1       100%        9
 Polar Vortex             Ice            0%         N/A       100%        9
 Shatter                  Erth           0%         3d5*      100%        9
 Animate Skeleton         Necr           Unusable   N/A       N/A         1
 Summon Small Mammal      Summ           Unusable   N/A       N/A         1
 Animate Armour           Summ/Erth      Unusable   N/A       N/A         4
 Summon Ice Beast         Ice/Summ       Unusable   N/A       N/A         4
 Summon Lightning Spire   Summ/Air       Unusable   N/A       N/A         4
 Summon Forest            Summ/Tloc      Unusable   N/A       N/A         5
 Death Channel            Necr           Unusable   N/A       N/A         6
 Simulacrum               Ice/Necr       Unusable   N/A       N/A         6
 Dragon's Call            Summ           Unusable   N/A       N/A         9

Dungeon Overview and Level Annotations

Branches:
Dungeon (15/15)            Temple (0/1) D:5            Lair (6/6) D:9
  Swamp (4/4) Lair:4       Spider (4/4) Lair:2        Slime (0/5) Lair:6
    Orc (2/2) D:10            Elf (3/3) Orc:2        Vaults (5/5) D:14
  Crypt (3/3) Vaults:3       Tomb (0/3) Crypt:3      Depths (4/4) D:15
    Zot (0/5) Depths:4     Bailey (visited)

Altars:
Ashenzari
Elyvilon
Fedhas
Gozag
Hepliaklqana
Okawaru
Qazlal
Ru
Sif Muna
Trog
Vehumet
Wu Jian
Xom
The Shining One

Shops:
D:4 !   D:5 *   D:6 !   Orc:2 **(!   Elf:2 ((   Elf:3 *=   Vaults:2 !
Vaults:3 =   Depths:2 ![

Portals:
Hell: Depths:1 Depths:2 Depths:3 Depths:4
Abyss: Depths:1 Depths:2 Depths:3
Pandemonium: Depths:2 Depths:4

Annotations:
Lair:5 Casa
Depths:2 6 runed translucent doors


Innate Abilities, Weirdness & Mutations

You have a pair of horns on your head.
You reflexively headbutt those who attack you in melee.
You are partially covered in iridescent scales. (AC +2)
Your skin changes colour to match your surroundings (Stealth+).
You are clumsy. (Dex -2)


Message History

You block the starcursed mass's attack. The ynoxinul misses you.
You furiously retaliate!
You headbutt the ynoxinul, but do no damage.
You slash the bone dragon!
You headbutt the bone dragon, but do no damage.
The bone dragon is almost destroyed.
You block the starcursed mass's attack. You block the bone dragon's attack. x3
You block the starcursed mass's attack.
The ufetubus hits you but does no damage.
The ufetubus closely misses you.
You hit the bone dragon. You headbutt the bone dragon.
You destroy the bone dragon!
Okawaru accepts your kill. You block the will-o-the-wisp's attack.
The large abomination hits you.
* * * LOW HITPOINT WARNING * * *
The starcursed mass touches you but does no damage.
You block the ynoxinul's attack.
You feel much better. You block the ufetubus's attack. x2
The starcursed mass closely misses you.
A deafening chorus of shrieks assaults your mind!
* * * LOW HITPOINT WARNING * * *
You suddenly lose the ability to move!
The will-o-the-wisp gestures.
The will-o-the-wisp conjures some foxfire!
The starcursed mass touches you but does no damage.
The large abomination hits you!
* * * LOW HITPOINT WARNING * * *
The ynoxinul gestures.
You can move again. 2 foxfires come into view.
You feel yourself speed up. You block the ufetubus's attack. x2
You block the starcursed mass's attack.
The will-o-the-wisp gestures.
The will-o-the-wisp conjures some foxfire!
The starcursed mass touches you but does no damage.
The large abomination hits you!
* * * LOW HITPOINT WARNING * * *
The ynoxinul gestures at you. The iron shot hits you!
You die...

▓▓ ..... .....
▓▓▓▓▓▓.....
▓..........
▓...........
▓.vvv........
▓5XvX§........
▓5X@Xv...........
▓∩3X5.............§
▓.5X5.............6
▓..5).............X
▓..................
▓..........§.......
▓..........§.......
▓▓▓▓▓▓.)...vX....▓
▓...........▓


You could see 5 starcursed masses, a large abomination, a will-o-the-wisp, a
ynoxinul and 6 ufetubi.

Vanquished Creatures
  A dread lich (Vaults:4)
  5 ancient liches
  Mara (Elf:3)
  A royal mummy (Zig:5)
  Frederick (Depths:3)
  Saint Roka (Depths:3)
  Bai Suzhen (Swamp:3)
  the Lernaean hydra (Swamp:3)
  A pandemonium lord (Zig:10)
  3 golden dragons
  2 Tzitzimimeh (Zig:10)
  3 bone dragons
  Arachne (Spider:3)
  A Brimstone Fiend (Zig:10)
  An iron giant (Depths:1)
  2 Ice Fiends
  A Hell Sentinel (Zig:10)
  2 walking earthen tomes (Depths:2)
  6 tentacled monstrosities
  7 liches
  2 quicksilver dragons (Vaults:5)
  2 deep elf blademasters
  Asterion (Elf:3)
  2 deep elf master archers (Elf:3)
  2 titans
  Gastronok (Lair:3)
  A tentacled starspawn (Zig:11)
  The ghost of Suc Xyut the Victor of a Thousand Battles, an adept DsGl of Okawaru (Depths:1)
  6 ancient champions
  8 sphinxes
  A shadow dragon (Vaults:5)
  4 storm dragons
  A draconian monk (Depths:4)
  9 tengu reavers
  Donald (Vaults:1)
  8 fire giants
  A revenant (Crypt:2)
  2 nagarajas
  Roxanne (D:14)
  9 frost giants
  9 deep elf sorcerers
  7 emperor scorpions
  The ghost of mistmaker the Stormcaller, an adept TeAE of Vehumet (Depths:1)
  22 vault wardens
  2 iron dragons
  2 curse skulls
  An orc warlord (Vaults:4)
  A ghost moth (shapeshifter) (Vaults:5)
  6 ghost moths
  Aizul (Spider:2)
  2 ghouls (Crypt:1)
  4 deep elf elementalists (Elf:3)
  A draconian annihilator (Zig:9)
  5 broodmothers
  The ghost of DemonSlayer the Thaumaturge, a journeyman DsFE of Cheibriados (Orc:2)
  A reaper (Crypt:2)
  A caustic shrike skeleton (Crypt:3)
  2 juggernaut skeletons (Crypt:3)
  The ghost of ciphuk the Thaumaturge, a journeyman GnVM of Ashenzari (Depths:1)
  22 ironbound preservers
  10 war gargoyles
  31 very ugly things
  A demonspawn corrupter (Zig:11)
  21 stone giants
  5 vampire knights
  A black draconian (Depths:4)
  8 deep elf demonologists
  2 eleionomae
  Nessos (Lair:4)
  A wendigo (Zig:3)
  8 ironbound thunderhulks
  4 dire elephants (Vaults:1)
  10 deep elf annihilators
  5 bunyips
  6 entropy weavers
  3 purple draconians (Depths:4)
  2 lorocyprocas (Zig:10)
  2 yellow draconians (Depths:4)
  2 red draconians
  Azrael (D:12)
  The ghost of Bukhlaj the Cleaver, a journeyman HOFi of Beogh (Lair:1)
  An eidolon (Crypt:2)
  10 deep elf death magi
  A green death (Zig:10)
  9 ettins
  Snorg (Lair:3)
  2 mummy priests (Zig:4)
  10 spark wasps
  6 fire dragons
  A blizzard demon (Depths:1)
  2 shambling mangroves (Zig:6)
  12 yaktaur captains
  5 jiangshi (Crypt:2)
  A great orb of eyes (shapeshifter) (Vaults:5)
  8 great orbs of eyes
  9 deep elf high priests
  14 hydras
  5 boulder beetles
  3 rakshasas
  35 vault guards
  2 catoblepae
  A salamander tyrant (Zig:7)
  3 centaur warriors
  6 ice dragons
  A jorogumo (Spider:3)
  9 ogre magi
  2 peacekeepers
  A radroach (Spider:2)
  2 ghost crabs
  A merfolk avatar (Lair:6)
  A hydra (shapeshifter) (Vaults:5)
  5 death yaks (Lair:6)
  4 spriggan air magi
  9 ironbound frosthearts
  42 dancing weapons
  A death scarab (Zig:4)
  A merfolk aquamancer (Zig:9)
  7 alligators
  A hell hog (Depths:3)
  9 tengu warriors
  22 two-headed ogres
  10 deep troll earth magi
  9 deep troll shamans
  4 spriggan berserkers
  5 vampire magi
  5 naga sharpshooters (Zig:7)
  The ghost of Bruhh the Frost Mage, a novice GnIE of Gozag (D:9)
  A thrashing horror (Zig:11)
  2 orc high priests
  Urug (Lair:3)
  Sonja (Lair:4)
  29 deep elf knights
  A shock serpent (Zig:7)
  29 hell knights
  Nergalle (Lair:3)
  2 pharaoh ants
  A salamander mystic (Zig:9)
  A sixfirhy (Zig:10)
  2 sun demons (Depths:3)
  A wretched star (Zig:11)
  64 skeletal warriors
  12 iron trolls
  A spark wasp zombie (Depths:3)
  A titan skeleton (Depths:3)
  An anaconda zombie (Crypt:1)
  6 goliath frogs
  A sun moth (Spider:2)
  2 golden dragon zombies
  4 flayed ghosts
  3 glowing orange brains
  A spatial maelstrom (Zig:11)
  A storm dragon skeleton (Crypt:2)
  2 spriggan druids (Swamp:4)
  An elf simulacrum (Crypt:1)
  15 orb spiders
  3 bog bodies
  60 deep trolls
  14 deep elf archers
  10 steelbarb worms
  A steelbarb worm (shapeshifter) (D:14)
  A sphinx zombie (Depths:3)
  13 ironbound convokers
  An anaconda skeleton (Crypt:3)
  A golden dragon skeleton (Depths:1)
  7 swamp dragons
  5 phantasmal warriors
  18 lindwurms
  8 wizards
  2 iron giant skeletons (Crypt:2)
  A tengu zombie (Depths:1)
  2 harpies (Lair:6)
  An orange crystal statue (Depths:3)
  7 necromancers
  35 deep elf pyromancers
  36 deep elf zephyrmancers
  A tengu skeleton (Depths:3)
  A goliath frog skeleton (Crypt:2)
  A mana viper (shapeshifter) (Vaults:5)
  4 orc knights
  3 cyclopes
  64 ugly things
  A stone giant zombie (D:15)
  9 will-o-the-wisps
  4 moths of wrath
  An orc sorcerer (Elf:3)
  A frost giant zombie (Zig:4)
  20 wolf spiders
  6 manticores
  An elephant (shapeshifter) (Vaults:5)
  2 stone giant skeletons
  A worldbinder (Zig:11)
  A faun (shapeshifter) (Vaults:5)
  2 salamanders
  2 iron dragon skeletons
  2 sphinx skeletons
  26 elephants
  An apocalypse crab (Abyss:2)
  18 vault sentinels
  6 black mambas
  3 elf skeletons (Vaults:3)
  3 smoke demons
  6 gargoyles
  A frost giant skeleton (Vaults:3)
  An eye of devastation (shapeshifter) (Vaults:4)
  7 torpor snails
  A yaktaur zombie (Vaults:4)
  A dire elephant zombie (Crypt:3)
  2 orange demons
  A dire elephant skeleton (Crypt:3)
  5 unseen horrors
  Maggie (Lair:1)
  9 cane toads
  15 komodo dragons
  A water nymph (shapeshifter) (Vaults:5)
  5 rime drakes
  A rime drake (shapeshifter) (Elf:1)
  3 freezing wraiths
  A human zombie (Vaults:4)
  3 efreet
  36 yaktaurs
  An ancient zyme (Zig:11)
  6 kobold demonologists
  A purple draconian zombie (Crypt:1)
  A tormentor (Zig:3)
  14 demonic crawlers
  8 guardian mummies
  2 hellwings (Zig:10)
  A grey draconian zombie (Crypt:2)
  A death yak skeleton (Crypt:2)
  3 tengu conjurers
  A yaktaur skeleton (Vaults:3)
  13 trolls
  15 meliai
  5 red devils (Crypt:3)
  13 hornets
  A polar bear (shapeshifter) (D:14)
  5 polar bears
  9 tyrant leeches
  A harpy skeleton (Crypt:3)
  3 wind drakes (Lair:6)
  An ettin zombie (D:15)
  6 raiju
  Grinder (D:6)
  52 slime creatures
  31 tarantellas
  16 blink frogs
  A snapping turtle (Lair:6)
  7 dream sheep (Lair:4)
  3 starcursed masses (Zig:11)
  4 large abominations
  3 centaur simulacra
  2 culicivoras (shapeshifter)
  28 jumping spiders
  10 spriggans
  6 air elementals
  8 flying skulls
  7 water elementals
  4 vampires
  2 ushabtiu (Zig:5)
  3 fire bats (Depths:3)
  5 shadows
  2 spriggan skeletons (D:15)
  28 culicivoras
  4 wyverns
  34 yaks
  A dire elephant simulacrum (Crypt:2)
  2 ettin skeletons
  3 ynoxinuls
  10 basilisks
  5 wraiths
  8 fire elementals
  A neqoxec (Abyss:2)
  54 redbacks
  16 vampire mosquitoes
  A black mamba skeleton (Crypt:3)
  3 steam dragons
  An alligator snapping turtle simulacrum (Crypt:1)
  A redback (shapeshifter) (Depths:4)
  A chaos spawn (Abyss:2)
  11 wargs
  A naga (Abyss:3)
  20 swamp worms
  8 water moccasins
  7 hell hounds
  4 acid dragons
  7 swamp drakes
  A demonspawn skeleton (Crypt:3)
  A faun skeleton (Crypt:2)
  An ice beast (D:5)
  3 black bears
  19 orc warriors
  A necrophage (Crypt:1)
  4 boggarts
  5 centaurs
  20 ogres
  A wolf (Lair:1)
  A rime drake skeleton (Crypt:1)
  2 kobold brigands
  8 bullfrogs
  4 scorpions
  3 earth elementals
  5 human skeletons
  5 small abominations
  A wyvern skeleton (D:5)
  A water moccasin skeleton (D:5)
  3 killer bees (D:9)
  9 wights
  8 vampire bats (Bailey)
  7 wolf zombies (Bailey)
  A bullfrog zombie (D:5)
  4 centaur zombies
  A troll skeleton (Crypt:1)
  2 jellies
  4 centaur skeletons
  19 orc priests
  3 hounds
  A gnoll shaman (D:9)
  4 iguanas
  Natasha (thrice) (D:2)
  17 orc wizards
  A killer bee zombie (D:7)
  3 naga skeletons
  A hound zombie (D:5)
  A hound skeleton (D:5)
  7 mummies
  4 howler monkey zombies
  6 adders
  6 gnolls
  A shadow imp (D:8)
  A white imp (Abyss:2)
  3 ufetubi
  An adder skeleton (D:4)
  A worm (D:2)
  4 dart slugs
  54 orcs
  5 endoplasms
  4 giant cockroaches (D:1)
  8 goblins
  10 hobgoblins
  3 jackals (D:2)
  9 kobolds
  9 quokkas
  9 ball pythons
  3 bats (D:1)
  A frilled lizard (D:3)
  A gnoll skeleton (Crypt:1)
  A kobold skeleton (Crypt:1)
  20 orc zombies (Bailey)
  A quokka skeleton (Crypt:2)
  A rat (D:3)
  A briar patch (Swamp:4)
  A bush (Lair:6)
  2 plants (Lair:5)
2210 creatures vanquished.

Vanquished Creatures (others)
  A thorn hunter (Swamp:4)
  A boulder beetle (D:12)
  A deep elf knight (Zig:8)
  A wretched star (Abyss:2)
  A wizard (Vaults:3)
  2 bloated husks
  A hornet (Depths:4)
  A redback (Spider:4)
  2 orc wizards
  8 briar patches (Swamp:4)
  43 foxfires
  62 fungi
  65 plants
  4 starspawn tentacles (Zig:11)
  5 withered plants
198 creatures vanquished.

Grand Total: 2408 creatures vanquished

Notes
Turn   | Place    | Note
-------+----------+-------------------------------------------
     0 | D:1      | Peloso the Minotaur Fighter began the quest for the Orb.
     0 | D:1      | Reached XP level 1. HP: 19/19 MP: 0/0
   203 | D:1      | Reached XP level 2. HP: 24/27 MP: 1/1
   302 | D:1      | Found a faded altar of an unknown god.
   685 | D:2      | Reached XP level 3. HP: 33/33 MP: 2/2
   985 | D:2      | Reached XP level 4. HP: 40/40 MP: 3/3
  1265 | D:2      | Noticed Natasha
  1276 | D:2      | Killed Natasha
  1292 | D:2      | Noticed Natasha
  1299 | D:2      | Killed Natasha
  1300 | D:2      | Reached XP level 5. HP: 28/46 MP: 4/4
  1340 | D:2      | Noticed Natasha
  1346 | D:2      | Killed Natasha
  1733 | D:3      | Found a stormy altar of Qazlal.
  2039 | D:3      | Found an iron altar of Okawaru.
  2053 | D:3      | Became a worshipper of Warmaster Okawaru
  2438 | D:3      | HP: 1/45 [wight/+3 battleaxe of freezing (5)]
  2755 | D:2      | Reached skill level 5 in Armour
  2755 | D:2      | Reached skill level 1 in Dodging
  2756 | D:2      | Reached skill level 5 in Long Blades
  2756 | D:2      | Reached XP level 6. HP: 5/53 MP: 5/5
  3540 | D:4      | Reached skill level 5 in Shields
  3735 | D:4      | Found Uxtuk's Distillery.
  3852 | D:4      | Reached * piety under Okawaru
  3853 | D:4      | Reached XP level 7. HP: 53/60 MP: 6/6
  4275 | D:4      | Identified the +1 leather armour "Ymess" {rC- Regen+ Int+7}
  4286 | D:4      | Bought a potion of mutation for 112 gold pieces
  4296 | D:5      | Entered Level 5 of the Dungeon
  4307 | D:5      | Found a staircase to the Ecumenical Temple.
  4415 | D:5      | Found Vatz's Assorted Antiques.
  4692 | D:5      | Reached skill level 5 in Fighting
  4897 | D:5      | Reached XP level 8. HP: 50/69 MP: 7/7
  4994 | D:5      | Reached ** piety under Okawaru
  5681 | D:6      | Found Ryjorin's Distillery.
  5684 | D:6      | Bought a potion of heal wounds for 50 gold pieces
  5883 | D:6      | Noticed Grinder
  5893 | D:6      | Paralysed by Grinder for 2 turns
  5905 | D:6      | Killed Grinder
  5906 | D:6      | Reached skill level 1 in Stealth
  6531 | D:7      | Noticed a hornet
  6546 | D:7      | Killed a hornet
  6552 | D:7      | Reached *** piety under Okawaru
  6553 | D:7      | Reached XP level 9. HP: 16/75 MP: 6/8
  6610 | D:7      | Found a flagged portal.
  6628 | D:7      | Identified the +0 kite shield of Athraamn {Rampage +Inv}
  6803 | Bailey   | Entered a bailey
  7358 | Bailey   | Noticed a gargoyle
  7377 | Bailey   | Killed a gargoyle
  7958 | Bailey   | Identified the +1 scimitar of Vyacyx {spect, *Slow Fly
                  | rPois}
  8026 | Bailey   | HP: 3/78 [vampire/vampiric draining (12)]
  8033 | Bailey   | Identified the +3 scale mail of the Valley {Contam *Corrode
                  | rC+++ Slay+5}
  8050 | Bailey   | Got the Papyrus of Ice
  8378 | D:7      | Reached **** piety under Okawaru
  8439 | D:7      | Found an opulent altar of Gozag.
  8547 | D:7      | Found a shimmering altar of Xom.
  8992 | D:8      | Found a broken altar of Ashenzari.
  9140 | D:8      | Reached skill level 1 in Invocations
  9140 | D:8      | Reached XP level 10. HP: 86/86 MP: 9/9
  9193 | D:8      | Noticed a two-headed ogre
  9200 | D:8      | Killed a two-headed ogre
  9201 | D:8      | Reached skill level 10 in Long Blades
  9201 | D:8      | Reached skill level 5 in Dodging
  9692 | D:9      | Noticed a two-headed ogre
  9697 | D:9      | Killed a two-headed ogre
  9697 | D:9      | Reached ***** piety under Okawaru
  9815 | D:9      | Found a shimmering blue altar of Sif Muna.
  9816 | D:9      | Noticed a two-headed ogre
  9826 | D:9      | Killed a two-headed ogre
  9826 | D:9      | Identified the +0 pair of boots "Jywapev" {Str+3} (Okawaru
                  | gifted it to you on level 9 of the Dungeon)
  9826 | D:9      | Received a gift from Okawaru
  9827 | D:9      | Reached skill level 10 in Armour
  9920 | D:9      | Noticed a cyan ugly thing
  9920 | D:9      | Noticed a two-headed ogre
  9923 | D:9      | Noticed a centaur warrior
  9923 | D:9      | Noticed a green ugly thing
  9937 | D:9      | Killed a green ugly thing
  9942 | D:9      | Killed a cyan ugly thing
  9947 | D:9      | Killed a centaur warrior
  9951 | D:9      | HP: 4/90 [two-headed ogre/+0 giant club (10)]
  9953 | D:9      | Killed a two-headed ogre
  9954 | D:9      | Reached XP level 11. HP: 20/95 MP: 11/11
  9959 | D:9      | Noticed a two-headed ogre
 10570 | D:9      | Found a transporter.
 10571 | D:9      | Found a bloodstained altar of Trog.
 10571 | D:9      | Noticed a tengu warrior
 10571 | D:9      | Noticed Bruhh's ghost (novice GnIE)
 10587 | D:9      | Found a transporter.
 10640 | D:9      | Found a staircase to the Lair.
 10747 | D:9      | Killed a two-headed ogre
 10800 | D:9      | Found a hazy altar of Hepliaklqana.
 11128 | D:10     | Entered Level 10 of the Dungeon
 11542 | D:10     | Noticed a sixfirhy
 11888 | D:10     | Found a large runed translucent door.
 11894 | D:10     | Found a large runed translucent door.
 12077 | D:10     | Found a staircase to the Orcish Mines.
 12100 | D:10     | Identified the +1 robe "Irib" {rN+ Dex+5 Stlth-}
 12439 | D:10     | Found a glowing golden altar of the Shining One.
 12444 | D:10     | Found a radiant altar of Vehumet.
 12449 | D:10     | Received a gift from Okawaru
 12449 | D:10     | Found the +0 mask of the Dragon {Will+ Slay+3 SInv}
 12450 | D:10     | Reached skill level 10 in Shields
 12598 | D:11     | Reached XP level 12. HP: 102/106 MP: 12/12
 12700 | D:11     | Reached ****** piety under Okawaru
 13046 | D:11     | Reached skill level 10 in Fighting
 13313 | Lair:1   | Entered Level 1 of the Lair of Beasts
 13376 | Lair:1   | Reached skill level 15 in Long Blades
 13666 | Lair:1   | Noticed a seven-headed hydra
 13679 | Lair:1   | Killed a seven-headed hydra
 13679 | Lair:1   | Received a gift from Okawaru
 13784 | Lair:1   | Found a runed translucent door.
 14053 | Lair:1   | Noticed Maggie
 14061 | Lair:1   | Killed Maggie
 14281 | Lair:1   | Identified the ring of Fatigue {*Corrode rPois rN++ Str+6}
 14315 | Lair:1   | Noticed Bukhlaj's ghost (journeyman HOFi)
 14316 | Lair:1   | Identified the +12 trident of Chance {drain, rF- rN+++
                  | Int+4 Dex+3}
 14662 | Lair:1   | Reached skill level 1 in Maces & Flails
 15259 | Lair:2   | Found a hole to the Spider Nest.
 15493 | Lair:3   | Noticed a catoblepas
 15494 | Lair:3   | Noticed Nergalle
 15497 | Lair:3   | Killed a catoblepas
 15503 | Lair:3   | Killed Nergalle
 15595 | Lair:3   | Reached XP level 13. HP: 87/116 MP: 13/13
 15595 | Lair:3   | Noticed Gastronok
 15621 | Lair:3   | Killed Gastronok
 15911 | Lair:3   | Noticed Snorg
 15921 | Lair:3   | Killed Snorg
 16027 | Lair:3   | Noticed Urug
 16043 | Lair:3   | Killed Urug
 16163 | Lair:3   | Identified the +2 pair of boots of Mirth {rC+++ Regen+
                  | Int+4 Dex-2} (Okawaru gifted it to you on level 3 of the
                  | Lair of Beasts)
 16163 | Lair:3   | Received a gift from Okawaru
 16678 | Lair:4   | Noticed Sonja
 16684 | Lair:4   | Killed Sonja
 16887 | Lair:4   | Noticed Nessos
 16900 | Lair:4   | Killed Nessos
 17385 | Lair:4   | Got Vavuroed's Disquisition on the Flying Arsonist
 17822 | Lair:4   | Found a staircase to the Swamp.
 18769 | D:12     | Noticed Azrael
 18776 | D:12     | Killed Azrael
 18777 | D:12     | Reached XP level 14. HP: 128/129 MP: 13/15
 19146 | D:13     | Found a shimmering blue altar of Sif Muna.
 19330 | D:13     | Identified the +4 ring mail "Giolaamm" {Str-4 Dex+7}
                  | (Okawaru gifted it to you on level 13 of the Dungeon)
 19330 | D:13     | Received a gift from Okawaru
 19768 | D:13     | Reached skill level 15 in Armour
 20312 | D:14     | Identified Roxanne's Incunabulum of Earth
 20312 | D:14     | Noticed Roxanne
 20327 | D:14     | Killed Roxanne
 21638 | D:14     | Found a gate to the Vaults.
 21858 | D:14     | Identified the +2 kite shield of the Baker {+Blink rF+
                  | Str+2 SInv} (Okawaru gifted it to you on level 14 of the
                  | Dungeon)
 21858 | D:14     | Received a gift from Okawaru
 22154 | Orc:1    | Entered Level 1 of the Orcish Mines
 22345 | Orc:2    | Entered Level 2 of the Orcish Mines
 22506 | Orc:2    | Reached XP level 15. HP: 57/139 MP: 13/16
 22509 | Orc:2    | Reached skill level 15 in Fighting
 22984 | Orc:2    | Found Feenooji's Distillery.
 22984 | Orc:2    | Found Domunkoxt's Antique Weapon Shoppe.
 22985 | Orc:2    | Found Cismemur's Assorted Antiques.
 22985 | Orc:2    | Found Pehidiuck's General Store.
 23008 | Orc:2    | Bought a scroll of identify for 30 gold pieces
 23008 | Orc:2    | Found a staircase to the Elven Halls.
 23219 | Orc:2    | Noticed DemonSlayer's ghost (journeyman DsFE)
 23229 | Orc:2    | Found a transporter.
 23286 | Orc:2    | Found a transporter.
 23472 | Orc:2    | Identified the +0 helmet "Azas" {Harm}
 23791 | Orc:2    | Killed DemonSlayer's ghost
 23791 | Orc:2    | Received a gift from Okawaru
 24323 | D:9      | Killed Bruhh's ghost
 24347 | D:9      | Identified the +8 short sword of Discretion {freeze, MP+9}
 24452 | Lair:1   | Killed Bukhlaj's ghost
 24713 | D:15     | Entered Level 15 of the Dungeon
 24716 | D:15     | Found a staircase to the Depths.
 24736 | D:15     | Reached skill level 15 in Shields
 25039 | D:15     | Received a gift from Okawaru
 25106 | D:15     | Received a gift from Okawaru
 25387 | D:15     | Found a white marble altar of Elyvilon.
 26804 | Lair:5   | Reached XP level 16. HP: 151/151 MP: 17/17
 27301 | Lair:6   | Entered Level 6 of the Lair of Beasts
 27404 | Lair:6   | Found a staircase to the Slime Pits.
 27666 | Lair:6   | Identified the +0 plate armour of Okawaru's Outrage {rElec
                  | Int+3} (Okawaru gifted it to you on level 6 of the Lair of
                  | Beasts)
 27666 | Lair:6   | Received a gift from Okawaru
 29224 | Spider:1 | Entered Level 1 of the Spider Nest
 30667 | Spider:1 | Identified the +1 chain mail of Experimentation {rC+}
                  | (Okawaru gifted it to you on level 1 of the Spider Nest)
 30667 | Spider:1 | Received a gift from Okawaru
 31382 | Spider:2 | Reached XP level 17. HP: 51/161 MP: 16/18
 31772 | Spider:2 | Noticed Aizul
 31773 | Spider:2 | HP: 4/161 [tarantella (38)]
 31782 | Spider:2 | Killed Aizul
 32365 | Elf:1    | Entered Level 1 of the Elven Halls
 32422 | Elf:1    | Paralysed by an air elemental for 1 turns
 32429 | Elf:1    | Paralysed by an air elemental for 1 turns
 32659 | Elf:1    | Received a gift from Okawaru
 32747 | Elf:1    | You fall into a shaft and drop 1 floor!
 32747 | Elf:2    | Found a runed translucent gate.
 32747 | Elf:2    | Found a runed translucent gate.
 32747 | Elf:2    | Found a runed translucent gate.
 32776 | Elf:2    | Found Kooppymi's Weapon Emporium.
 32886 | Elf:2    | Identified the +3 chain mail "Eqarch" {Harm Str-3 Dex+3}
 33153 | Elf:2    | Paralysed by an air elemental for 1 turns
 33157 | Elf:2    | Paralysed by an air elemental for 1 turns
 33177 | Elf:2    | Found Xeidos's Antique Weapon Boutique.
 33221 | Elf:2    | Paralysed by an air elemental for 1 turns
 33267 | Elf:2    | Identified the +2 cloak of Least Resistance {rN+ rCorr
                  | Str-4} (Okawaru gifted it to you on level 2 of the Elven
                  | Halls)
 33267 | Elf:2    | Received a gift from Okawaru
 33821 | Elf:1    | Identified the +1 leather armour "Unasm" {rPois rF+}
 34980 | Swamp:1  | Entered Level 1 of the Swamp
 35097 | Swamp:1  | Reached XP level 18. HP: 173/173 MP: 19/19
 36067 | Swamp:3  | Received a gift from Okawaru
 36372 | Swamp:3  | Noticed Bai Suzhen
 36390 | Swamp:3  | Noticed a tentacled monstrosity
 36396 | Swamp:3  | Killed Bai Suzhen
 36401 | Swamp:3  | Killed a tentacled monstrosity
 36711 | Swamp:4  | Entered Level 4 of the Swamp
 36882 | Swamp:4  | Identified the +2 pair of gloves of Happiness {Fly rF- rN+}
                  | (Okawaru gifted it to you on level 4 of the Swamp)
 36882 | Swamp:4  | Received a gift from Okawaru
 36891 | Swamp:4  | Reached skill level 5 in Stealth
 37089 | Swamp:4  | Noticed the 27-headed Lernaean hydra
 37307 | Swamp:3  | Killed the 23-headed Lernaean hydra
 38135 | Swamp:4  | Got a decaying rune of Zot
 38850 | Spider:3 | Reached skill level 1 in Evocations
 38930 | Spider:3 | Paralysed by a jorogumo for 1 turns
 39751 | Spider:4 | Entered Level 4 of the Spider Nest
 39751 | Spider:4 | Noticed Arachne
 40071 | Spider:3 | Killed Arachne
 41040 | Spider:4 | Reached XP level 19. HP: 161/183 MP: 0/20
 41253 | Spider:4 | Identified the +8 broad axe of Action {vorpal, Fragile rF-
                  | Str+8 Int+6} (Okawaru gifted it to you on level 4 of the
                  | Spider Nest)
 41253 | Spider:4 | Received a gift from Okawaru
 41615 | Spider:4 | Got a gossamer rune of Zot
 42024 | Vaults:1 | Entered Level 1 of the Vaults
 42028 | Vaults:1 | Found a huge runed gate.
 42028 | Vaults:1 | Found a huge runed gate.
 42028 | Vaults:1 | Found a huge runed gate.
 42028 | Vaults:1 | Found a huge runed gate.
 42028 | Vaults:1 | Found a huge runed gate.
 42028 | Vaults:1 | Found a huge runed gate.
 42029 | Vaults:1 | Found a huge runed gate.
 42030 | Vaults:1 | Found a huge runed gate.
 42030 | Vaults:1 | Found a huge runed gate.
 42032 | Vaults:1 | Found a huge runed gate.
 42032 | Vaults:1 | Found a huge runed gate.
 42032 | Vaults:1 | Found a huge runed gate.
 42032 | Vaults:1 | Found a huge runed gate.
 42032 | Vaults:1 | Found a huge runed gate.
 42032 | Vaults:1 | Found a huge runed gate.
 42033 | Vaults:1 | Found a huge runed gate.
 42034 | Vaults:1 | Found a huge runed gate.
 42035 | Vaults:1 | Found a huge runed gate.
 42043 | Vaults:1 | Found a huge runed gate.
 42043 | Vaults:1 | Found a huge runed gate.
 42043 | Vaults:1 | Found a huge runed gate.
 42043 | Vaults:1 | Found a huge runed gate.
 42043 | Vaults:1 | Found a huge runed gate.
 42043 | Vaults:1 | Found a huge runed gate.
 42044 | Vaults:1 | Found a huge runed gate.
 42045 | Vaults:1 | Found a huge runed gate.
 42046 | Vaults:1 | Found a huge runed gate.
 42054 | Vaults:1 | Found a huge runed gate.
 42054 | Vaults:1 | Found a huge runed gate.
 42054 | Vaults:1 | Found a huge runed gate.
 42054 | Vaults:1 | Found a huge runed gate.
 42054 | Vaults:1 | Found a huge runed gate.
 42054 | Vaults:1 | Found a huge runed gate.
 42055 | Vaults:1 | Found a huge runed gate.
 42056 | Vaults:1 | Found a huge runed gate.
 42057 | Vaults:1 | Found a huge runed gate.
 42470 | Vaults:1 | HP: 7/181 [tengu reaver/+0 great mace (28)]
 42816 | Vaults:1 | Received a gift from Okawaru
 43704 | Vaults:1 | Paralysed by a sphinx for 2 turns
 43935 | Vaults:1 | Cast into level 3 of the Abyss (a deep elf sorcerer)
 44045 | Vaults:1 | Escaped the Abyss
 44055 | Vaults:1 | Received a gift from Okawaru
 44186 | Vaults:1 | Found the +5 scythe "Finisher" {speed, eviscerate}
 44430 | Vaults:1 | Identified the +3 kite shield "Tikkeduh" {Int+2 Dex+6
                  | Stlth+}
 44430 | Vaults:1 | Noticed Donald
 44448 | Vaults:1 | Killed Donald
 44716 | Vaults:1 | HP: 4/185 [ironbound thunderhulk/bolt of lightning (32)]
 45432 | Vaults:2 | Found Fiopol's Distillery.
 45483 | Vaults:2 | Bought a potion of curing for 60 gold pieces
 45483 | Vaults:2 | Bought a potion of curing for 60 gold pieces
 45483 | Vaults:2 | Bought a potion of curing for 60 gold pieces
 45483 | Vaults:2 | Bought a potion of curing for 60 gold pieces
 46109 | Vaults:2 | Reached XP level 20. HP: 193/195 MP: 13/21
 46993 | Vaults:2 | Received a gift from Okawaru
 47282 | Vaults:2 | Cast into level 2 of the Abyss (a wizard)
 47340 | Abyss:2  | Gained mutation: You are weak. (Str -2) [a neqoxec]
 47343 | Abyss:2  | Gained mutation: You are very weak. (Str -4) [a neqoxec]
 47402 | Vaults:2 | Escaped the Abyss
 48099 | Lair:5   | Lost mutation: You are very weak. (Str -4) [potion of
                  | mutation]
 48099 | Lair:5   | Lost mutation: You are weak. (Str -2) [potion of mutation]
 48099 | Lair:5   | Gained mutation: You are clumsy. (Dex -2) [potion of
                  | mutation]
 48099 | Lair:5   | Gained mutation: You are partially covered in iridescent
                  | scales. (AC +2) [potion of mutation]
 48099 | Lair:5   | Gained mutation: Your skin changes colour to match your
                  | surroundings (Stealth+). [potion of mutation]
 48911 | Vaults:3 | Found a staircase to the Crypt.
 49714 | Vaults:3 | Received a gift from Okawaru
 50136 | Vaults:3 | Found Saelyo's Jewellery Shoppe.
 51039 | Vaults:4 | Received a gift from Okawaru
 51048 | Vaults:4 | Reached XP level 21. HP: 180/206 MP: 12/22
 52528 | Vaults:5 | Entered Level 5 of the Vaults
 52887 | Vaults:4 | Identified the +5 great sword of Ymeng {elec, Will+ Dex+4
                  | SInv} (Okawaru gifted it to you on level 4 of the Vaults)
 52887 | Vaults:4 | Received a gift from Okawaru
 53137 | Vaults:5 | Identified the +5 scale mail of the Constellations {Str+4}
 53184 | Vaults:5 | Noticed a golden dragon
 53196 | Vaults:5 | Killed a golden dragon
 53256 | Vaults:5 | Noticed an ancient lich
 53265 | Vaults:5 | Killed an ancient lich
 53420 | Vaults:5 | Identified the +4 scale mail "Ajech" {Dex+3}
 53530 | Vaults:5 | Got a silver rune of Zot
 53603 | Vaults:5 | Identified the +3 short sword "Embalmer" {holy, *Rage rPois
                  | rN++ Will+}
 53664 | Vaults:5 | Received a gift from Okawaru
 53736 | Vaults:5 | Identified the +10 plate armour "Luterrest" {rPois SInv}
 53748 | Vaults:5 | Got the Collected Works on Orientation and Lightness
 53750 | Vaults:5 | Identified the +0 leather armour of the Game of Kings
                  | {rElec rN+ Int+3 Dex-2}
 53821 | Vaults:5 | Noticed a dread lich
 54338 | Vaults:4 | Reached XP level 22. HP: 220/220 MP: 13/24
 54480 | Vaults:4 | Killed a dread lich
 54531 | Vaults:5 | Identified the +6 falchion of the Philosopher {flame, Will+
                  | Dex+2} (Okawaru gifted it to you on level 5 of the Vaults)
 54531 | Vaults:5 | Received a gift from Okawaru
 56780 | Elf:3    | Entered Level 3 of the Elven Halls
 56966 | Elf:3    | Paralysed by an air elemental for 1 turns
 57041 | Elf:3    | Identified the +4 falchion of the Demagogue {drain, Int+4}
 57267 | Elf:3    | Identified the +0 chain mail "Fibubad" {Rampage Will- Str+2
                  | Int+10}
 57799 | Elf:2    | Found a radiant altar of Vehumet.
 57822 | Elf:3    | Identified the +5 falchion "Ifaa" {vorpal, rN++} (Okawaru
                  | gifted it to you on level 3 of the Elven Halls)
 57822 | Elf:3    | Received a gift from Okawaru
 58095 | Elf:3    | Found Oxtovuz's Jewellery Shoppe.
 58237 | Elf:3    | Noticed Mara
 58248 | Elf:3    | Killed Mara
 58266 | Elf:3    | Noticed Asterion
 58276 | Elf:3    | Killed Asterion
 58296 | Elf:3    | Found Zemocu's Assorted Antiques.
 58389 | Elf:3    | Bought an aquamarine-encrusted chain mail for 323 gold
                  | pieces
 58389 | Elf:3    | Identified the +4 chain mail of Degun {Rampage *Slow rN+}
                  | (You bought it in a shop on level 3 of the Elven Halls)
 59106 | Elf:3    | Reached skill level 27 in Shields
 59175 | Elf:3    | Identified the +0 leather armour of Cheibriados's Pride
                  | {rElec Dex+2}
 59177 | Elf:3    | Identified the +8 double sword of Success {speed, *Slow
                  | rElec rF+++ Int-4} (Okawaru gifted it to you on level 3 of
                  | the Elven Halls)
 59177 | Elf:3    | Received a gift from Okawaru
 60944 | Crypt:1  | Entered Level 1 of the Crypt
 61121 | Crypt:1  | Reached XP level 23. HP: 229/229 MP: 15/25
 61123 | Crypt:1  | Received a gift from Okawaru
 61142 | Crypt:1  | Reached skill level 10 in Dodging
 63462 | Crypt:3  | Entered Level 3 of the Crypt
 64100 | Crypt:3  | Received a gift from Okawaru
 64462 | Crypt:3  | Found a staircase to the Tomb.
 64480 | Crypt:3  | Noticed an ancient lich
 64489 | Crypt:3  | Killed an ancient lich
 64592 | Crypt:3  | Got Sif Muna's Handbook of Icy Confrontation
 64593 | Crypt:3  | Identified the +7 hand crossbow of Sydghea {vorpal, +Blink
                  | SInv Stlth-}
 65237 | Crypt:3  | Got the Grimoire of Black Arts
 65261 | Crypt:3  | Noticed an ancient lich
 65263 | Crypt:3  | Killed an ancient lich
 65367 | Crypt:3  | Identified the ring of Raeg {rN+ Will- Dex+4}
 65367 | Crypt:3  | Identified the ring "Hitoekk" {Drain rC+ rN+ Dex+6}
 65367 | Crypt:3  | Identified the ring "Mepan" {*Corrode rN+ Int+3 Dex+3}
 66008 | Depths:1 | Entered Level 1 of the Depths
 66019 | Depths:1 | Identified the +2 chain mail of the Tundras {rPois Stlth+}
                  | (Okawaru gifted it to you on level 1 of the Depths)
 66019 | Depths:1 | Received a gift from Okawaru
 66201 | Depths:1 | Found a one-way gate to the infinite horrors of the Abyss.
 66265 | Depths:1 | Found a gateway to Hell.
 66274 | Depths:1 | Found a flickering gateway to a bazaar.
 66283 | Bazaar   | Entered a bazaar
 66283 | Bazaar   | Found Ocwoly's Magic Scroll Shop.
 66283 | Bazaar   | Found Zidysk's Weapon Shoppe.
 66283 | Bazaar   | Found Nitugim's Weapon Shop.
 66285 | Bazaar   | Found Fiakkuc's Weapon Shoppe.
 66312 | Bazaar   | Bought a scroll of brand weapon for 280 gold pieces
 66312 | Bazaar   | Bought a scroll of immolation for 49 gold pieces
 66312 | Bazaar   | Bought a scroll of fear for 49 gold pieces
 66470 | Depths:1 | Reached XP level 24. HP: 216/245 MP: 2/25
 67609 | Depths:1 | Found a runed translucent door.
 67609 | Depths:1 | Noticed mistmaker's ghost (adept TeAE)
 67747 | Depths:1 | Found a blossoming altar of Fedhas.
 67958 | Depths:1 | Found an ornate altar of the Wu Jian Council.
 68076 | Depths:1 | Killed mistmaker's ghost
 68077 | Depths:1 | Found a runed translucent door.
 68090 | Depths:1 | Noticed ciphuk's ghost (journeyman GnVM)
 68114 | Depths:1 | Killed ciphuk's ghost
 68155 | Depths:1 | Found a runed translucent door.
 68155 | Depths:1 | Noticed Suc Xyut's ghost (adept DsGl)
 68200 | Depths:1 | Killed Suc Xyut's ghost
 68425 | Depths:2 | Found a runed translucent gate.
 68425 | Depths:2 | Found a runed translucent gate.
 68428 | Depths:2 | Found a runed translucent gate.
 68623 | Depths:2 | Found a sacrificial altar of Ru.
 68894 | Depths:2 | Found a one-way gate leading to the halls of Pandemonium.
 69080 | Depths:2 | Found Yhuttaos's Armour Emporium.
 69085 | Depths:2 | Found Ivoxum's Distillery.
 69092 | Depths:2 | Bought a potion of might for 84 gold pieces
 69092 | Depths:2 | Bought a potion of might for 84 gold pieces
 69092 | Depths:2 | Bought a potion of curing for 63 gold pieces
 69092 | Depths:2 | Bought a potion of curing for 63 gold pieces
 69092 | Depths:2 | Bought a potion of heal wounds for 105 gold pieces
 69387 | Depths:2 | Found a runed translucent door.
 69431 | Depths:2 | Reached skill level 5 in Invocations
 69471 | Depths:2 | Found a runed translucent door.
 69500 | Depths:2 | Found a runed translucent door.
 69502 | Depths:2 | Found a runed translucent door.
 69860 | Depths:3 | Found a one-way gateway to a ziggurat.
 69874 | Depths:3 | Identified the +6 plate armour of the Accordion {rC+}
                  | (Okawaru gifted it to you on level 3 of the Depths)
 69874 | Depths:3 | Received a gift from Okawaru
 70456 | Depths:3 | Noticed Frederick
 70465 | Depths:3 | Killed Frederick
 70466 | Depths:3 | Reached skill level 27 in Fighting
 70549 | Depths:3 | Reached skill level 27 in Long Blades
 70843 | Depths:3 | Noticed Saint Roka
 70862 | Depths:3 | Killed Saint Roka
 71485 | Depths:4 | Entered Level 4 of the Depths
 72103 | Depths:4 | Found a gate to the Realm of Zot.
 72113 | Depths:4 | Reached XP level 25. HP: 247/257 MP: 19/25
 72576 | Depths:4 | Identified the +0 pair of boots "Xahogg" {rF++ SInv}
                  | (Okawaru gifted it to you on level 4 of the Depths)
 72576 | Depths:4 | Received a gift from Okawaru
 72731 | Depths:4 | Found a portal to a secret trove of treasure.
 74323 | Depths:4 | You paid a toll of 5 scrolls of fog to enter a treasure
                  | trove
 74324 | Trove    | Entered a treasure trove
 74383 | Trove    | Got Sif Muna's Incunabulum of Transformation
 74389 | Trove    | Got Tadol's Reference Book on Evil Rites and Conjuration
 74526 | Zig:1    | Entered Level 1 of a ziggurat
 74553 | Zig:2    | Entered Level 2 of a ziggurat
 74943 | Zig:3    | Entered Level 3 of a ziggurat
 74968 | Zig:3    | Identified the +8 chain mail of Free Will {rF+ rCorr Dex+4
                  | Stlth-}
 74978 | Zig:3    | Identified the +4 ring mail of Too Many Cooks {Contam Int+8
                  | Stlth+}
 75342 | Zig:4    | Entered Level 4 of a ziggurat
 75383 | Zig:4    | Reached skill level 1 in Staves
 75383 | Zig:4    | Reached XP level 26. HP: 260/266 MP: 13/26
 75384 | Zig:4    | Reached skill level 1 in Short Blades
 75384 | Zig:4    | Reached skill level 1 in Axes
 75384 | Zig:4    | Reached skill level 1 in Polearms
 75384 | Zig:4    | Reached skill level 1 in Slings
 75384 | Zig:4    | Reached skill level 1 in Bows
 75384 | Zig:4    | Reached skill level 1 in Crossbows
 75384 | Zig:4    | Reached skill level 1 in Throwing
 75384 | Zig:4    | Reached skill level 1 in Unarmed Combat
 75384 | Zig:4    | Reached skill level 1 in Summonings
 75384 | Zig:4    | Reached skill level 1 in Necromancy
 75384 | Zig:4    | Reached skill level 1 in Fire Magic
 75384 | Zig:4    | Reached XP level 27. HP: 269/273 MP: 13/26
 75457 | Zig:5    | Entered Level 5 of a ziggurat
 75465 | Zig:5    | Noticed a royal mummy
 75475 | Zig:5    | Killed a royal mummy
 75649 | Zig:6    | Entered Level 6 of a ziggurat
 75913 | Zig:7    | Entered Level 7 of a ziggurat
 76002 | Zig:7    | Identified the +0 chain mail of Hib Wech {rPois}
 76223 | Zig:8    | Entered Level 8 of a ziggurat
 76622 | Zig:8    | Identified the ring of Cynicism {Fly rElec Dex+6}
 76633 | Zig:8    | Identified the +0 helmet "Leakoto" {rC+}
 76642 | Zig:8    | Identified the +1 plate armour "Omap" {rF++ Int+2}
 76667 | Zig:9    | Entered Level 9 of a ziggurat
 76686 | Zig:9    | Noticed an ancient lich
 76694 | Zig:9    | Noticed an ancient lich
 76711 | Zig:9    | Killed an ancient lich
 76713 | Zig:9    | Killed an ancient lich
 77015 | Zig:9    | Identified the +4 tower shield of Lugonu's Grace {Regen+}
 77030 | Zig:10   | Entered Level 10 of a ziggurat
 77374 | Zig:10   | Noticed Lunkoraech the pandemonium lord
 77405 | Zig:10   | Killed Lunkoraech the pandemonium lord
 77405 | Zig:10   | Received a gift from Okawaru
 77701 | Zig:10   | Reached skill level 1 in Conjurations
 77701 | Zig:10   | Reached skill level 1 in Transmutations
 77701 | Zig:10   | Reached skill level 1 in Air Magic
 77701 | Zig:10   | Reached skill level 1 in Earth Magic
 77982 | Zig:11   | Entered Level 11 of a ziggurat
 78023 | Zig:11   | Paralysed by accursed screaming for 1 turns
 78031 | Zig:11   | Paralysed by accursed screaming for 2 turns
 78083 | Zig:11   | Paralysed by accursed screaming for 1 turns
 78084 | Zig:11   | HP: 11/273 [large abomination (10)]
 78084 | Zig:11   | Killed from afar by a ynoxinul

Illustrated notes

Levels and vault maps discovered:
D:1:      zelgadis_glass_arrival_small, layout_loops_ring,
          ebering_ecumenical_altar_petrified
D:2:      layout_loops_ring, uniq_natasha
D:3:      layout_basic, okawaru_trees_2, grunt_qazlal_clouds
D:4:      layout_basic, serial_shops, shop
D:5:      layout_gridville, minmay_temple_entry_poolview, serial_shops, shop
D:6:      layout_cave_pods, serial_shops, nicolae_shop_behind_doors,
          nicolae_elevator_lobby_plus, uniq_grinder
D:7:      layout_rooms, old_standard_altar, nicolae_overflow_crystal_walls,
          enter_bailey_6, amethyst_killhole
D:8:      layout_loops_ring, nicolae_ashenzari_panopticon, serial_glass,
          glass_columns_a, glass_columns_a
D:9:      layout_irregular_city, mainiacjoe_overflow_paths,
          mainiacjoe_overflow_brackets, erik_lair_orcish_takeover,
          gammafunk_ghost_wrathful_warriors, dk_vineyard_2,
          minmay_pinched_square
D:10:     layout_rooms, jmf_multi_god_temple2
D:11:     layout_basic
D:12:     layout_loops_ring, uniq_azrael
D:13:     layout_long_grid, hangedman_decor_lopped, kennysheep_another_room,
          nicolae_sif_muna_condensation
D:14:     layout_basic, erik_vaults_1, hangedman_decor_opposing, uniq_roxanne
D:15:     gammafunk_depths_entry_grave, layout_layer_cave,
          hellmonk_bongcloud_opening, nicolae_sextant, elyvilon_altar_4
Lair:1:   layout_layer_cave, ebering_ghost_funeral_grove, grunt_megastairs_3,
          uniq_maggie
Lair:2:   layout_regular_city, spider_nest_entry_funnel_web
Lair:3:   layout_roguey, grunt_megastairs_1, uniq_gastronok, uniq_urug,
          uniq_nergalle, uniq_snorg
Lair:4:   layout_roguey, swamp_mist_pool, uniq_nessos, uniq_sonja
Lair:5:   layout_regular_city
Lair:6:   gammafunk_lair_ancient_temple, layout_loops_ring,
          minmay_slime_entry_pillars, nicolae_lair_lil_pond, lemuel_fruit_tree,
          infiniplex_staircase_pool_2
Swamp:1:  nicolae_swamp_tree_isthmus, layout_falls_marsh,
          evilmike_swamp_ruin_house_5
Swamp:2:  layout_falls_marsh, infiniplex_staircase_pool, swamp_pool1
Swamp:3:  layout_basic_swamp, nicolae_swamp_decorative_isthmus, swamp_pool2,
          nzn_swamp_dancing_lights, uniq_bai_suzhen
Swamp:4:  swamp_alternative, layout_basic_swamp
Spider:1: layout_spider_delve
Spider:2: layout_cave_pods, hellmonk_narrow_tunnel, uniq_aizul
Spider:3: layout_spider_delve
Spider:4: grunt_spider_rune_circles, uniq_arachne
Orc:1:    layout_diamond_mine
Orc:2:    st_orc_ogre_mass, layout_caves, gammafunk_ghost_berserking_beasts
Elf:1:    minmay_the_grid_octo_tiled_squarecenter
          [minmay_the_grid_octo_concentric, minmay_the_grid_octo_clover,
          minmay_the_grid_octo_empty, minmay_the_grid_octo_horde,
          minmay_the_grid_square_5x5_megaprize_hollow,
          minmay_the_grid_square_5x5_three,
          minmay_the_grid_square_5x5_checkered_statues,
          minmay_the_grid_square_5x5_almost_minimal,
          minmay_the_grid_square_5x5_two], layout_rooms,
          hangedman_elf_represent, nicolae_elf_big_sculpture_3,
          nicolae_elf_variegated_diamond
Elf:2:    nicolae_elf_blades_crystal_corner, layout_loops_corners, serial_shops,
          nicolae_shop_bloodbath_and_beyond, nicolae_stop_n_shop_2,
          lemuel_upstairs_altar
Elf:3:    minmay_elf_hall_not_hex, layout_gridlike, serial_shops,
          nicolae_shop_trees, shop, feat_on_display, uniq_mara, uniq_asterion
Vaults:1: nicolae_vaults_rhombus_6, v_misc_25, nicolae_vaults_hallways_thing,
          v_pattern_5, hangedman_vaults_maws, grunt_vaults_twisty,
          nicolae_vaults_ninety_degrees, door_vault, ontoclasm_vaults_ligature,
          hangedman_vaults_stream, ontoclasm_vaults_gateway,
          nicolae_vaults_border_crossing, v_alt_pattern_3,
          nicolae_vaults_diagonal_hallway_7, layout_vaults_ring, uniq_donald
Vaults:2: vaults_room_grunt_arrival_ludios, ontoclasm_vaults_loading_screen,
          vaults_dpeg_ring, ontoclasm_vaults_twist, hangedman_vaults_nails,
          grunt_vaults_diagonal, nicolae_vaults_network_square,
          hangedman_vaults_capsules, hangedman_vaults_corner,
          vaults_room_stairs_pillars, nicolae_vaults_little_ls,
          nicolae_vaults_what_the_h, nicolae_vaults_octagons, v_misc_23,
          nicolae_vaults_circle_grid_a, layout_vaults_maze_bifur, serial_shops,
          nicolae_shop_crystal
Vaults:3: minmay_crypt_entry_skeletal_spiral, vaults_room_glass_cross,
          v_alt_pattern_4, grunt_vaults_hallway_long,
          ontoclasm_vaults_loading_screen, vaults_room_grid, vaults_mumra_hex,
          layout_vaults_quadrants, serial_shops, shop
Vaults:4: hangedman_vaults_river_flow, v_rooms_5, v_rooms_1, v_misc_13,
          v_alt_pattern_4, vaults_mumra_chevron, hangedman_vaults_unwind,
          nicolae_vaults_rhombus_6, nicolae_vaults_yaktaur_gun_rack,
          grunt_vaults_hallway_short, hangedman_vaults_trim,
          vaults_room_door_ring, ontoclasm_vaults_water_temple,
          layout_vaults_omnibox
Vaults:5: serial_shops
Crypt:1:  layout_regular_city
Crypt:2:  layout_chaotic_city, minivault_5, lemuel_elevator
Crypt:3:  quadcrypt_mu
Depths:1: layout_cave_pools, serial_shops, bzr_entry_water,
          muffindrake_ghost_three_little_ghosts, abyss_entry,
          hangedman_coc_ice_floe, nzn_wu_jian_council_hall,
          fedhas_altar_fruit_tree
Depths:2: impenetrable_vault, layout_basic,
          ploomutoo_gammafunk_ghost_potion_laboratory, pan_entry,
          grunt_metal_band, abyss_entry, nicolae_ru_awakened_eye,
          minmay_staircase_bubble, minmay_shop_star
Depths:3: kennysheep_scales, layout_cave_shapes, enter_ziggurat_f,
          abyss_entry_glasseish, hellmouth_1, kennysheep_nondescript,
          serial_column_ruins, column_ruins_open_small, column_ruins_open_small,
          column_ruins_open_small, column_ruins_columns_dead_end,
          column_ruins_open_small, column_ruins_columns_straight, minivault_16,
          infiniplex_staircase_squiggle, uniq_frederick, uniq_margery,
          uniq_saint_roka
Depths:4: grunt_twist_and_shout, layout_long_grid, pan_entry, hell_entry,
          enter_trove_0
Zig:11

Skill      XL: |  1  2  3  4  5  6  7  8  9 10 11 12 13 14 15 16 17 18 19 20 21 22 23 24 25 26 27 |
---------------+----------------------------------------------------------------------------------+-----
Armour         | 4 5 6 7 8 9 10 11 13 14 15 16 17 18 19 20 21 23 24 25 | 25.3
Shields        | 4 5 6 7 8 10 11 12 13 16 18 20 22 23 24 26 27 | 27.0
Fighting       | 4 5 6 7 8 9 11 13 14 16 17 18 19 20 21 23 24 25 27 | 27.0
Long Blades    | 3 4 5 7 9 12 14 15 16 17 18 19 20 21 22 23 24 26 27 | 27.0
Dodging        | 1 2 3 4 5 6 7 8 9 10 12 13 14 | 14.5
Stealth        | 1 2 4 5 |  5.3
Invocations    | 1 2 3 4 5 6 |  6.3
Maces & Flails | 2 3 |  3.7
Evocations     | 1 2 3 |  3.2
Staves         | 1 2 |  2.6
Short Blades   | 1 |  1.5
Axes           | 1 |  1.4
Polearms       | 1 |  1.5
Slings         | 1 |  1.5
Bows           | 1 |  1.5
Crossbows      | 1 |  1.5
Throwing       | 1 |  1.3
Unarmed Combat | 1 |  1.3
Summonings     | 1 |  1.3
Necromancy     | 1 |  1.3
Fire Magic     | 1 |  1.3
Conjurations   | 1 |  1.0
Transmutations | 1 |  1.1
Air Magic      | 1 |  1.0
Earth Magic    | 1 |  1.1
Spellcasting   | |  0.8
Hexes          | |  0.9
Translocations | |  0.8
Ice Magic      | |  0.8
Poison Magic   | |  0.8

Action                   |  1- 3 |  4- 6 |  7- 9 | 10-12 | 13-15 | 16-18 | 19-21 | 22-24 | 25-27 || total
-------------------------+-------+-------+-------+-------+-------+-------+-------+-------+-------++-------
Melee: Long sword        |    74 |   108 |   269 |       |       |       |       |       |       ||   451
       Headbutt          |    12 |    25 |    62 |    81 |   276 |   411 |   400 |   491 |   121 ||  1879
       Scimitar          |       |       |    54 |   348 |   953 |  1494 |   213 |    27 |       ||  3089
       Whip              |       |       |       |     9 |    12 |       |       |       |       ||    21
       Double sword      |       |       |       |       |       |       |  1227 |  1535 |   346 ||  3108
       Falchion          |       |       |       |       |       |       |       |    34 |       ||    34
Invok: Heroism           |       |       |     9 |     6 |    11 |    17 |     7 |    13 |     9 ||    72
Evoke: Wand              |       |     1 |     3 |       |     2 |     5 |       |     4 |     4 ||    19
  Use: Scroll            |       |     5 |     3 |     3 |     6 |    17 |    12 |     9 |     2 ||    57
       Potion            |       |     1 |     4 |     1 |       |    11 |     6 |       |     9 ||    32
 Stab: Paralysed         |       |       |     2 |       |     2 |       |       |       |       ||     4
       Distracted        |       |       |       |     3 |     4 |     3 |       |       |       ||    10
Armor: Scale mail        |    32 |    55 |   198 |       |       |       |       |       |       ||   285
       Plate armour      |       |       |    17 |   151 |   354 |   815 |   250 |       |       ||  1587
       Storm dragon scal |       |       |       |       |       |       |   250 |   449 |    22 ||   721
       Quicksilver drago |       |       |       |       |       |       |       |    52 |       ||    52
       Chain mail        |       |       |       |       |       |       |       |       |   142 ||   142
Dodge: Dodged            |    31 |    44 |   268 |   153 |   249 |   529 |   338 |   411 |   180 ||  2203
Block: Buckler           |    20 |    28 |   160 |    86 |   150 |       |       |       |       ||   444
       Kite shield       |       |       |       |       |   477 |  1742 |  1364 |  1584 |   466 ||  5633
       Reflection        |       |       |       |       |    11 |    48 |    64 |    78 |    34 ||   235
